 Dungeon Crawl Stone Soup version 0.27.1-1-g398f81649c (webtiles) character file.

Game seed: 12872217677993649743

28 Descartes the Ruffian (level 2, 0/29 HPs)
             Began as a Troll Delver on Sept 8, 2021.
             Slain by a killer bee zombie (5 damage)
             ... on level 5 of the Dungeon.
             The game lasted 00:00:36 (82 turns).

Descartes the Ruffian (Troll Delver)                  Turns: 82, Time: 00:00:36

Health: 0/29       AC:  4    Str: 19    XL:     2   Next: 96%
Magic:  1/1        EV: 10    Int:  6    God:
Gold:   0          SH:  0    Dex: 11    Spells: 1/1 levels left

rFire    . . .     SeeInvis .     - Unarmed
rCold    . . .     Faith    .   (no shield)
rNeg     . . .     Spirit   .   a - +0 robe
rPois    .         Reflect  .   (helmet restricted)
rElec    .         Harm     .   (no cloak)
rCorr    .         Rampage  .   (gloves unavailable)
Will     .....                  (boots unavailable)
Stlth    ++........             (no amulet)
HPRegen  1.09/turn              (no ring)
MPRegen  0.07/turn              (no ring)

@: no status effects
A: large, unfitting armour, claws 3, regeneration 1, shaggy fur 1, tough skin 1
a: no special abilities


You were on level 5 of the Dungeon.
You visited 1 branch of the dungeon, and saw 1 of its levels.

Inventory:

Armour
 a - a +0 robe (worn)
Wands
 f - a wand of digging (3)
Scrolls
 b - a scroll of fog
 c - a scroll of magic mapping
 d - a scroll of fear
 g - a scroll of immolation {unknown}
Potions
 e - a potion of haste


   Skills:
 - Level 2.4 Fighting
 + Level 2.3 Dodging
 - Level 2.7 Stealth
 + Level 2.8 Unarmed Combat


You had one spell level left.
You didn't know any spells.
Your spell library was empty.

Dungeon Overview and Level Annotations

Branches:
Dungeon (5/15)
 Temple: D:4-7

Altars:


Innate Abilities, Weirdness & Mutations

You are too large for most types of armour.
You have claws for hands.
Your natural rate of healing is unusually fast.
You are covered in fur. (AC +1)
You have tough skin. (AC +1)


Message History

The killer bee zombie is moderately damaged.
The killer bee zombie hits you.
You claw the killer bee zombie!
The killer bee zombie is severely damaged.
The killer bee zombie barely misses you.
The killer bee zombie closely misses you.
You scratch the killer bee zombie.
The killer bee zombie is almost destroyed.
The killer bee zombie closely misses you. x2
You miss the killer bee zombie.
The killer bee zombie is almost destroyed.
The killer bee zombie hits you. x2
You closely miss the killer bee zombie.
The killer bee zombie is almost destroyed.
The killer bee zombie hits you.
You barely miss the killer bee zombie.
The killer bee zombie is almost destroyed.
The killer bee zombie hits you.
The killer bee zombie barely misses you.
You are too injured to fight recklessly!
You are too injured to fight recklessly!
You barely miss the killer bee zombie.
The killer bee zombie is almost destroyed.
The killer bee zombie hits you.
* * * LOW HITPOINT WARNING * * *
The killer bee zombie hits you but does no damage.
You barely miss the killer bee zombie.
The killer bee zombie is almost destroyed.
The killer bee zombie hits you.
* * * LOW HITPOINT WARNING * * *
The killer bee zombie barely misses you.
The killer bee zombie hits you but does no damage.
There is a stone staircase leading up here.
The killer bee zombie hits you.
* * * LOW HITPOINT WARNING * * *
The killer bee zombie barely misses you.
The killer bee zombie hits you.
* * * LOW HITPOINT WARNING * * *
The killer bee zombie hits you.
You die...

.............#
.............######
+#######'###......#
#....'...)..#
#....#......#
#....#......#
#####+########......#
#...............##+##
#......<...Z@...#
)................#
.................#
.................#
...........:.....#
.................#
##########+####....
..... .....


You could see a killer bee zombie.

Vanquished Creatures
  A jelly (D:5)
1 creature vanquished.

Notes
Turn   | Place    | Note
-------+----------+-------------------------------------------
     0 | D:5      | Descartes the Troll Delver began the quest for the Orb.
     0 | D:5      | Reached XP level 1. HP: 22/22 MP: 0/0
    16 | D:5      | Noticed a jelly
    30 | D:5      | Killed a jelly
    31 | D:5      | Reached XP level 2. HP: 27/29 MP: 1/1
    82 | D:5      | Slain by a killer bee zombie

Illustrated notes

Levels and vault maps discovered:
D:5:      layout_gridville, nzn_wu_jian_council_hall, minmay_small_thing

Skill      XL: |  1 |
---------------+----+-----
Dodging        | 2 |  2.3
Fighting       | |  2.4
Stealth        | |  2.7
Unarmed Combat | |  2.8

Action                   || total
-------------------------++-------
Melee: Unarmed           ||    13
Armor: Robe              ||     3
Dodge: Dodged            ||    10
